 Dungeon Crawl Stone Soup version 0.20.1-1-g8b1a95d (webtiles) character file.

29 polve the Changer (level 3, -4/28 HPs)
             Began as a Draconian Transmuter on Aug 8, 2017.
             Slain by a hobgoblin
             ... wielding a +0 club
              (5 damage)
             ... on level 2 of the Dungeon.
             The game lasted 00:01:04 (1250 turns).

polve the Changer (Draconian Transmuter)            Turns: 1250, Time: 00:01:05

Health: -4/28      AC:  5    Str: 16    XL:     3   Next: 1%
Magic:  5/6        EV: 12    Int: 14    God:
Gold:   65         SH:  0    Dex: 11    Spells: 5/6 levels left

rFire    . . .     SeeInvis .     - Unarmed
rCold    . . .     Gourm    .   (no shield)
rNeg     . . .     Faith    .   (armour unavailable)
rPois    .         Spirit   .   (helmet restricted)
rElec    .         Reflect  .   (no cloak)
rCorr    .         Harm     .   (no gloves)
MR       .....                  (no boots)
Stlth    +.........             (no amulet)
Regen    0.1/turn               (no ring)
MPRegen  0.1/turn               f - +4 ring of strength

@: appendage
A: unfitting armour, horns 2, cold-blooded, AC +5
a: End Transformation


You were on level 2 of the Dungeon.
You were not hungry.
You had grown temporary horns.
You visited 1 branch of the dungeon, and saw 2 of its levels.

You collected 65 gold pieces.

Inventory:

Missiles
 a - 34 arrows
Jewellery
 f - a +4 ring of strength (right hand)
Scrolls
 e - 2 scrolls of blinking {unknown}
 h - a scroll of fog {unknown}
 j - a scroll of identify {unknown}
 k - a scroll of recharging {unknown}
Potions
 d - a potion of invisibility {unknown}
 g - a potion of lignification {unknown}
Books
 b - a book of Changes

   Spells                             Type                      Level
   a - Beastly Appendage              Transmutation                1
   b - Sticks to Snakes               Transmutation                2
   c - Spider Form                    Transmutation/Poison         3
   d - Ice Form                       Ice/Transmutation            4
   e - Blade Hands                    Transmutation                5
Comestibles
 c - 3 bread rations
 i - 7 chunks of flesh


   Skills:
 - Level 1.1 Fighting
 - Level 1.7 Dodging
 - Level 3.0 Unarmed Combat
 - Level 2.0 Spellcasting
 + Level 3.5 Transmutations


You had 5 spell levels left.
You knew the following spells:

 Your Spells              Type           Power        Failure   Level  Hunger
a - Beastly Appendage     Tmut           ##....       5%          1    ##.....


Dungeon Overview and Level Annotations

Branches:
Dungeon (2/15)

Altars:

Annotations:
D:2 Robin


Innate Abilities, Weirdness & Mutations

Your plain brown scales are hard. (AC +5)
You cannot fit into any form of body armour.
You are cold-blooded and may be slowed by cold attacks.
You have a pair of horns on your head.


Message History

You hit the hobgoblin but do no damage.
The hobgoblin hits you but does no damage.
You hit the hobgoblin but do no damage.
You tail-slap the hobgoblin, but do no damage.
You hit the hobgoblin but do no damage.
You tail-slap the hobgoblin, but do no damage.
The hobgoblin hits you with a club.
* * * LOW HITPOINT WARNING * * *
You hit the hobgoblin but do no damage.
Your tail-slap misses the hobgoblin.
The hobgoblin hits you but does no damage.
You hear a shout!
Casting: Beastly Appendage
Confirm with . or Enter, or press ? or * to list all spells.
You grow a pair of large bovine horns.
The hobgoblin barely misses you.
You hear a shout!
You hit the hobgoblin but do no damage. The hobgoblin hits you with a club.
* * * LOW HITPOINT WARNING * * *
You closely miss the hobgoblin.
Your tail-slap misses the hobgoblin.
The hobgoblin hits you with a club.
You die...

####.......#.
#.........##.
#...###.#....
#.######### #...#
#.#..#.
.....?..g.#######...#
.#..#
....wg).ggg.........+
.. .
#.#...###)#####.#...#
#.. #.#####.#...# #.
#..g@.....### gg
#..####.#.# .. #..#
#.#.# . ##.# #.#.#
#.. #.#.# ... ..#
.... ..# .... ..#


You could see a hobgoblin.

Vanquished Creatures
  A dart slug (D:1)
  2 bats (D:1)
  2 giant cockroaches
  9 goblins
  4 hobgoblins
  2 kobolds (D:1)
  3 frilled lizards
  2 rats
25 creatures vanquished.

Notes
Turn   | Place    | Note
-------+----------+-------------------------------------------
     0 | D:1      | polve the Draconian Transmuter began the quest for the Orb.
     0 | D:1      | Reached XP level 1. HP: 16/16 MP: 3/3
   346 | D:1      | Reached XP level 2. HP: 20/23 MP: 5/5
  1214 | D:2      | Noticed Robin
  1240 | D:2      | Reached XP level 3. HP: 14/28 MP: 6/6
  1249 | D:2      | HP: 1/28 [hobgoblin/club (5)]
  1250 | D:2      | Slain by a hobgoblin

Skill      XL: |  1  2 |
---------------+-------+-----
Transmutations | 3 |  3.5
Fighting       | |  1.1
Dodging        | |  1.7
Unarmed Combat | |  3.0
Spellcasting   | |  2.0

Action                   || total
-------------------------++-------
Melee: Unarmed           ||    85
       Headbutt          ||     3
       Punch             ||     1
       Tailslap          ||     3
       Kick              ||     1
 Cast: Beastly Appendage ||     6
  Eat: Chunk             ||     1
Armor: Skin              ||    19
Dodge: Dodged            ||    45
